 Dungeon Crawl Stone Soup version 0.21.1-1-g345015fe64 (webtiles) character file.

725 Gargoyl the Skirmisher (level 7, -4/60 HPs)
             Began as a Centaur Abyssal Knight on May 29, 2018.
             Was a Believer of Lugonu.
             Slain by Edmund
             ... wielding a +4 flail of venom
              (6 damage)
             ... on level 4 of the Dungeon.
             The game lasted 00:07:22 (4052 turns).

Gargoyl the Skirmisher (Centaur Abyssal Knight)     Turns: 4052, Time: 00:07:23

Health: -4/60      AC: 13    Str:  7 (8)  XL:     7   Next: 43%
Magic:  0/9        EV:  1    Int:  8 (11) God:    Lugonu [**....]
Gold:   235        SH:  0    Dex: 10      Spells: 6/6 levels left

rFire    . . .     SeeInvis +   r - +1 mace of Xuererr {crush, +Fly Str-5 SInv} (curse)
rCold    + . .     Gourm    .   (no shield)
rNeg     . . .     Faith    .   f - +4 chain mail {rC+}
rPois    .         Spirit   +   (no helmet)
rElec    .         Reflect  .   (no cloak)
rCorr    .         Harm     .   m - +0 pair of gloves
MR       .....                  (no barding)
Stlth    ..........             l - amulet of guardian spirit
HPRegen  0.20/turn              h - ring of see invisible
MPRegen  0.11/turn              (no ring)

@: lethally poisoned (-4 -> -14), very quick
A: large, hooves 3, deformed body, speed 2, mutation resistance 1, sense
surroundings 1, tough skin 3, weak 1, MP-powered wands
a: Depart the Abyss, Bend Space, Renounce Religion, Evoke Flight


You were on level 4 of the Dungeon.
You worshipped Lugonu.
Lugonu was pleased with you.
You were not hungry.

You visited 1 branch of the dungeon, and saw 4 of its levels.
You visited the Abyss 1 time.

You collected 235 gold pieces.

Inventory:

Hand Weapons
 a - a +1 hand axe
 o - a +0 war axe
 r - the cursed +1 mace of Xuererr (weapon) {crush, +Fly Str-5 SInv}
   (You found it on level 4 of the Dungeon)

   It inflicts extra damage upon your enemies.
   It affects your strength (-5).
   It lets you see invisible.
   It lets you fly.
   It has a curse placed upon it.
Missiles
 j - 2 tomahawks (quivered)
Armour
 f - a +4 chain mail of cold resistance (worn)
 m - a +0 pair of gloves (worn)
Jewellery
 d - an uncursed amulet of magic regeneration
 h - a ring of see invisible (left hand)
 l - an amulet of guardian spirit (around neck)
Wands
 e - a wand of digging (18)
Scrolls
 b - 2 scrolls of magic mapping
 q - 2 scrolls of teleportation
Potions
 g - a potion of magic
 n - a potion of brilliance
Books
 p - a book of Misfortune

   Spells                             Type                      Level
   a - Confusing Touch                Hexes                        1
   b - Confuse                        Hexes                        3
   c - Gell's Gravitas                Translocation                3
   d - Petrify                        Transmutation/Earth          4
   e - Metabolic Englaciation         Hexes/Ice                    5
   f - Yara's Violent Unravelling     Hexes/Transmutation          5
Comestibles
 c - 6 rations


   Skills:
 + Level 4.5 Fighting
 + Level 4.3 Axes
 * Level 3.9 Armour
 + Level 1.3 Dodging
 * Level 3.8 Invocations


You had 6 spell levels left.
You didn't know any spells.

Dungeon Overview and Level Annotations

Branches:
Dungeon (4/15)
 Temple: D:4-7

Altars:
Dithmenos
Fedhas
Sif Muna

Annotations:
D:4 Edmund, Pikel


Innate Abilities, Weirdness & Mutations

You have hooves in place of feet.
Armour fits poorly on your strangely shaped body.
You cover ground very quickly.
You have extremely tough skin. (AC +3)
You are somewhat resistant to further mutation.
You passively map a small area around you.
You are weak. (Str -2)
You expend magic power (3 MP) to strengthen your wands.


Message History

Edmund is heavily wounded.
* * * LOW HITPOINT WARNING * * *
You feel sick.
Edmund zaps a wand.
The puff of flame hits you!
* * * LOW HITPOINT WARNING * * *
The now-empty wand crumbles to dust.
Unknown command.
You hit Edmund but do no damage.
Edmund is heavily wounded.
* * * LOW HITPOINT WARNING * * *
You feel sick. Edmund completely misses you.
You hit Edmund.
Edmund is heavily wounded.
* * * LOW HITPOINT WARNING * * *
You feel sick. Edmund barely misses you.
Unknown command.
You closely miss Edmund. You kick Edmund, but do no damage.
Edmund is heavily wounded.
* * * LOW HITPOINT WARNING * * *
You feel sick. Edmund hits you with a flail of venom!
You die...

* * #.............
#.##.#####.### *
#.##.# * * ,, ,,
#..).# , #.[###
#.######..###### ,
#..............[.,
*######.....####.,
, , #.@......#
##@.#.##.# ,
#<.#.#* #, *
#........
#.#...#.# ,
#.#...... ,
#.......# *
####..... ,,
.####* *


You could see Edmund.

Vanquished Creatures
  Grinder (D:3)
  Sigmund (D:3)
  An ogre (D:4)
  The ghost of Viceroy the Vandal, an amateur HaHu of Okawaru (D:3)
  Natasha (thrice) (D:4)
  2 orc wizards (D:4)
  A gnoll (D:1)
  An adder (D:3)
  A worm (D:3)
  2 dart slugs (D:1)
  2 leopard geckos (D:1)
  3 orcs
  5 bats
  3 giant cockroaches
  5 goblins
  7 hobgoblins
  9 kobolds
  4 frilled lizards (D:3)
  5 rats
  A rat zombie (D:4)
58 creatures vanquished.

Notes
Turn   | Place    | Note
-------+----------+-------------------------------------------
     0 | Abyss:1  | Gargoyl the Centaur Abyssal Knight began the quest for the Orb.
     0 | Abyss:1  | Reached XP level 1. HP: 19/19 MP: 2/2
     0 | Abyss:1  | Found a corrupted altar of Lugonu.
    53 | Abyss:2  | Identified a scroll of acquirement
    76 | Abyss:2  | Noticed an insubstantial wisp
    77 | D:1      | Escaped the Abyss
   158 | D:1      | Reached * piety under Lugonu
   166 | D:1      | Reached XP level 2. HP: 26/26 MP: 3/3
   405 | D:1      | Reached XP level 3. HP: 27/33 MP: 4/4
  1118 | D:2      | Found a deep blue altar of Sif Muna.
  1622 | D:2      | Found a shadowy altar of Dithmenos.
  1914 | D:3      | Found a blossoming altar of Fedhas.
  1943 | D:3      | Reached ** piety under Lugonu
  2077 | D:3      | Reached XP level 4. HP: 24/40 MP: 5/5
  2225 | D:3      | Noticed Viceroy's ghost (amateur HaHu)
  2263 | D:3      | Killed Viceroy's ghost
  2263 | D:3      | Reached XP level 5. HP: 46/46 MP: 6/6
  2356 | D:3      | Noticed Sigmund
  2370 | D:3      | Killed Sigmund
  2370 | D:3      | Reached skill level 1 in Dodging
  2370 | D:3      | Reached XP level 6. HP: 42/52 MP: 6/8
  2563 | D:3      | Noticed Grinder
  2577 | D:3      | Gained mutation: You are weak. (Str -2) [potion of mutation]
  2577 | D:3      | Gained mutation: You are clumsy. (Dex -2) [potion of mutation]
  2577 | D:3      | Gained mutation: You passively map a small area around you. [potion of mutation]
  2577 | D:3      | Gained mutation: Your spells are a little harder to cast, but a little more powerful. [potion of mutation]
  2587 | D:3      | Lost mutation: You are clumsy. (Dex -2) [potion of mutation]
  2587 | D:3      | Lost mutation: Your spells are a little harder to cast, but a little more powerful. [potion of mutation]
  2587 | D:3      | Gained mutation: You expend magic power (3 MP) to strengthen your wands. [potion of mutation]
  2587 | D:3      | Gained mutation: You are somewhat resistant to further mutation. [potion of mutation]
  2590 | D:3      | Killed Grinder
  2917 | D:4      | Noticed Natasha
  2923 | D:4      | Killed Natasha
  2923 | D:4      | Reached XP level 7. HP: 60/60 MP: 9/9
  2928 | D:4      | Noticed Natasha
  2936 | D:4      | Killed Natasha
  2951 | D:4      | Got a dazzling mace
  3069 | D:4      | Identified the cursed +1 mace of Xuererr {crush, +Fly Str-5 SInv} (You found it on level 4 of the Dungeon)
  3102 | D:4      | Noticed Pikel
  3102 | D:4      | Noticed Natasha
  3128 | D:4      | Killed Natasha
  3868 | D:4      | Noticed Edmund
  4051 | D:4      | HP: 3/60 [poisoned by Edmund]
  4052 | D:4      | Slain by Edmund

Skill      XL: |  1  2  3  4  5  6 |
---------------+-------------------+-----
Axes           | 2 3 4 |  4.3
Armour         | 2 3 |  3.9
Fighting       | 4 |  4.5
Dodging        | 1 |  1.3
Invocations    | 3 |  3.8

Action                   |  1- 3 |  4- 6 |  7- 9 || total
-------------------------+-------+-------+-------++-------
Melee: Hand axe          |    85 |       |       ||    85
       Kick              |    17 |    12 |    19 ||    48
       War axe           |    50 |    70 |     9 ||   129
       Mace              |       |       |   127 ||   127
Invok: Depart the Abyss  |     1 |       |       ||     1
  Use: Scroll            |     8 |     1 |       ||     9
       Potion            |       |    11 |     3 ||    14
  Eat: Chunk             |     2 |     3 |       ||     5
       Ration            |       |       |     1 ||     1
Armor: Chain mail        |   142 |    37 |   157 ||   336
       Skin              |       |    18 |       ||    18
Dodge: Dodged            |    33 |    12 |     7 ||    52
